cohdb
Replays
Latest Replays
All Replays
Popular Replays
Top Player Replays
Match Explorer
How It Works
Community
CoH3 Stats
Reddit
Sign in to upload your games and track your stats! →
Sign in with Steam
Match 28745280
Unlisted
Match 28745280
Overview
Messages
Build Orders
End
Construct Section Command Post
Infantry Section
Dingo Light Scout Car
Infantry Section
Infantry Section
Construct Platoon Command Post
Humber Armored Car
Construct Field Infirmary
Grenade Package
ML 3-inch Mortar Team
6-pounder Anti-tank Gun Team
Selects Heavy Armor Battlegroup
Construct Company Command Post
Selects Engineer Detachments
Selects Crusader AA Medium Tank
Selects UNKNOWN (2162094)
Churchill IV Heavy Tank
Selects Light Vehicle Withdraw and Refit
Selects Radio Net
Foot Guards Section
Churchill IV Heavy Tank
Royal Engineer Section
Selects Recon Artillery
Selects Recon Artillery
Recon Artillery
Unlock M3 Grant Medium Tanks
M3 Grant Medium Tank
Recon Artillery
Churchill IV Heavy Tank
Recon Artillery
Foot Guards Section
Royal Engineer Section
Wrathment
JJolMangi
0
0
Comments
sign in to comment!
No comments posted yet!